 Dungeon Crawl Stone Soup version 0.31-a0-233-g139696dc86 (webtiles) character file.

Game seed: 10993611231552484282

858 qw the Shooter (level 8, -1/48 HPs)
             Began as a Gargoyle Hexslinger on July 7, 2023.
             Slain by an ogre
             ... wielding a +0 giant club
              (21 damage)
             ... on level 5 of the Dungeon.
             The game lasted 00:02:01 (4097 turns).

qw the Shooter (Gargoyle Hexslinger)                Turns: 4097, Time: 00:02:02

Health: -1/48      AC: 21    Str:  7    XL:     8   Next: 2%
Magic:  9/9        EV: 15    Int: 17    God:
Gold:   128        SH:  0    Dex: 14    Spells: 8/9 levels left

rFire   . . .        Y - +1 sling
rCold   . . .        (no shield)
rNeg    + . .        n - +5 ring mail of the Secret Curses {+Blink Str-5 Int+3}
rPois   inf          p - +0 helmet
rElec   +            (no cloak)
rCorr   .            f - +2 pair of gloves
SInv    .            k - +0 pair of boots
Will    .....        (no amulet)
Stlth   +            d - +5 ring of evasion
HPRegen 0.28/turn    (no ring)
MPRegen 0.11/turn

%: no passive effects
@: no status effects
A: sickness immunity, AC +5, negative energy resistance 1, electricity
resistance, torment resistance 1, petrification resistance
a: Evoke Blink


You were on level 5 of the Dungeon.
You visited 1 branch of the dungeon, and saw 5 of its levels.

You collected 128 gold pieces.


Innate Abilities, Weirdness & Mutations

You are immune to sickness and miasma.
Your stone body is resilient. (AC +5)
You are immune to poison.
You resist negative energy. (rN+)
You are resistant to electric shocks. (rElec)
You are resistant to unholy torment.
You are immune to petrification.


   Skills:
 - Level 4.0 Fighting
 + Level 7.6 Ranged Weapons
 - Level 2.9 Armour
 - Level 1.5 Dodging
 - Level 1.0 Spellcasting
 - Level 2.6 Hexes


You had 8 spell levels left.
You knew the following spells:

 Your Spells              Type           Power      Damage    Failure   Level
a - Slow                  Hex            36%        N/A       22%         1

Your spell library contained the following spells:

 Spells                   Type           Power      Damage    Failure   Level
 Inner Flame              Hex/Fire       5%         N/A       75%         3
 Portal Projectile        Hex/Tloc       10%        N/A       75%         3
 Cause Fear               Hex            4%         N/A       92%         4

Inventory:

Hand Weapons
 Y - a +1 sling (weapon)
Armour
 f - a +2 pair of gloves (worn)
 k - a +0 pair of boots (worn)
 n - the +5 ring mail of the Secret Curses (worn) {+Blink Str-5 Int+3}
   (You found it on level 2 of the Dungeon)

   Str:       It affects your strength (-5).
   Int:       It affects your intelligence (+3).
   +Blink:    It lets you blink.
 p - a +0 helmet (worn)
Jewellery
 b - a ring of ice
 d - a +5 ring of evasion (left hand)
Scrolls
 a - a scroll of identify
 i - 2 scrolls of teleportation
Potions
 c - a potion of mutation {unknown}
 e - a potion of curing
 g - 2 potions of heal wounds
 h - a potion of might {unknown}
 j - a potion of enlightenment {unknown}
 m - a potion of brilliance {unknown}
 o - a potion of lignification {unknown}

Dungeon Overview and Level Annotations

Branches:
Dungeon (5/15)
 Temple: D:4-7

Altars:

Annotations:
D:3 4 runed translucent doors, Crazy Yiuf; qw's ghost, amateur GrHs


Message History

Enter note:
Found a stone staircase leading up.
Enter note:
Enter note:
Enter note:
Enter note:
Found a club.
Enter note:
Enter note:
Enter note:
Enter note:
Found an escape hatch in the floor.
Enter note:
Enter note:
Enter note:
Enter note: The ogre shouts!
Enter note:
Enter note:
Enter note:
Enter note: You shoot a sling bullet.
The sling bullet hits the ogre!
The ogre is moderately wounded.
You shoot a sling bullet. The sling bullet hits the ogre.
The ogre is moderately wounded.
The ogre hits you with a +0 giant club!!
Ouch! That really hurt!
You shoot a sling bullet. The sling bullet hits the ogre.
The ogre is heavily wounded.
You shoot a sling bullet.
The sling bullet hits the ogre but does no damage.
The ogre is heavily wounded.
The ogre closely misses you.
You shoot a sling bullet.
The sling bullet barely misses the ogre.
The ogre hits you but does no damage.
You shoot a sling bullet. The sling bullet hits the ogre!
The ogre is severely wounded.
The ogre hits you with a +0 giant club!!
You die...

#.## ### #... ..# #.##
#.# #.#. #.# #.#.
#.#####.#############.#.
........................
#...O.......#####.#.#.
#@##.#..........#.
#.#.>.).....#...#.
#.####.#..#.#...#.
#......#..#.#...#.
########..#.#.###.
###......#.#.. <.
.......#.##.###
.......#....#
.......###########


You could see an ogre.

Vanquished Creatures
  Sigmund (D:2)
  A water moccasin (D:5)
  2 black bears (D:5)
  An ogre (D:5)
  A jelly (D:5)
  3 orc wizards (D:3)
  4 gnolls (D:4)
  8 adders
  A river rat (D:4)
  A shadow imp (D:5)
  A worm (D:2)
  4 dart slugs
  8 orcs (D:3)
  5 endoplasms
  4 giant cockroaches
  10 goblins
  9 hobgoblins
  2 jackals (D:4)
  7 quokkas
  5 ball pythons
  6 bats
  2 frilled lizards
  5 kobolds
  9 rats
100 creatures vanquished.

Notes
Turn   | Place    | Note
-------+----------+-------------------------------------------
     0 | D:1      | qw the Gargoyle Hexslinger began the quest for the Orb.
     0 | D:1      | Reached XP level 1. HP: 12/12 MP: 2/2
     0 | D:1      | 0 ||| qw: Version: 0.3-a-46-gb1f654a
     0 | D:1      | 0 ||| qw: Game counter: 3234
     0 | D:1      | 0 ||| qw: Melee chars always use a shield: true
     0 | D:1      | 0 ||| qw: God list: Okawaru
     0 | D:1      | 0 ||| qw: Allow faded altars: false
     0 | D:1      | 0 ||| qw: Do Orc after clearing Dungeon:15 true
     0 | D:1      | 0 ||| qw: Do second Lair branch before Depths: true
     0 | D:1      | 0 ||| qw: Lair rune preference: random
     0 | D:1      | 0 ||| qw: Goals: Normal
     0 | D:1      | 0 ||| PLANNING D:1-11
   109 | D:1      | Reached XP level 2. HP: 16/16 MP: 3/3
   246 | D:1      | Reached skill level 3 in Ranged Weapons
   602 | D:1      | 602 ||| UPGRADING to +2 pair of gloves.
   607 | D:1      | 607 ||| UPGRADING to +0 pair of boots.
   612 | D:1      | 612 ||| UPGRADING to +5 ring of evasion.
   613 | D:1      | 613 ||| DROPPING ring of wizardry.
   614 | D:1      | 614 ||| READING scroll labelled MAUDEN AZUOSO.
   615 | D:1      | 615 ||| DROPPING scroll of poison.
   647 | D:2      | Reached XP level 3. HP: 21/21 MP: 4/4
   910 | D:2      | Reached XP level 4. HP: 26/26 MP: 5/5
   933 | D:2      | Noticed Sigmund
   934 | D:2      | 934 ||| FLEEEEING.
   953 | D:2      | 953 ||| READING 2 scrolls labelled QEMEPL KYTU.
   962 | D:2      | 962 ||| FLEEEEING.
   963 | D:2      | 963 ||| FLEEEEING.
   976 | D:2      | Killed Sigmund
   977 | D:2      | Reached skill level 5 in Ranged Weapons
   977 | D:2      | Reached XP level 5. HP: 20/30 MP: 6/6
  1130 | D:2      | Reached XP level 6. HP: 32/36 MP: 7/7
  1222 | D:2      | 1222 ||| FLEEEEING.
  1223 | D:2      | 1223 ||| FLEEEEING.
  1224 | D:2      | 1224 ||| FLEEEEING.
  1483 | D:2      | Identified the +5 ring mail of the Secret Curses {+Blink
                  | Str-5 Int+3}
  1545 | D:2      | 1545 ||| UPGRADING to +5 ring mail of the Secret Curses
                  | {+Blink Str-5 Int+3}.
  1555 | D:2      | 1555 ||| DROPPING +0 robe.
  1556 | D:2      | 1556 ||| READING 3 scrolls labelled PIRAPRY CEXOGA.
  1559 | D:2      | 1559 ||| READING scroll labelled RINEJI EKISM.
  1560 | D:2      | 1560 ||| READING scroll labelled CUFFISHIKKY.
  1561 | D:2      | 1561 ||| READING 2 scrolls of identify.
  1561 | D:2      | 1561 ||| IDENTIFYING fizzy cyan potion
  1751 | D:3      | Found a faded altar of an unknown god.
  1810 | D:3      | Found a runed translucent gate.
  1811 | D:3      | Found a runed translucent gate.
  1811 | D:3      | Noticed qw's ghost (amateur GrHs)
  1813 | D:3      | Found a runed translucent gate.
  1815 | D:3      | Identified the +5 spear of Ad Valorem {antimagic, rF+ rC-
                  | rN+ Stlth+}
  1815 | D:3      | Identified the +3 scale mail of the Other World {Dex+2}
  1861 | D:3      | 1861 ||| DRINKING potion of curing.
  1861 | D:3      | 1861 ||| (to cure confusion)
  1869 | D:3      | Reached skill level 1 in Armour
  1890 | D:3      | Reached skill level 3 in Fighting
  2055 | D:3      | Reached skill level 6 in Ranged Weapons
  2181 | D:3      | Found a runed translucent door.
  2182 | D:3      | Noticed Crazy Yiuf
  2377 | D:3      | 2377 ||| DROPPING +6 ring of intelligence.
  2378 | D:3      | 2378 ||| READING scroll labelled ONESTEA SACKO.
  2379 | D:3      | 2379 ||| DRINKING 2 emerald potions.
  2431 | D:4      | 2431 ||| PLANNING SEWER
  2494 | D:4      | 2494 ||| Stepping ~*~*~tactically~*~*~ (water).
  2814 | D:4      | Reached XP level 7. HP: 43/43 MP: 8/8
  3151 | D:4      | 3151 ||| RIP SEWER
  3152 | D:4      | 3152 ||| PLANNING D:1-11
  3399 | D:4      | 3399 ||| UPGRADING to +0 helmet.
  3404 | D:4      | 3404 ||| READING 2 scrolls labelled IGULLUNW POSK.
  3405 | D:4      | 3405 ||| DRINKING 2 yellow potions.
  3510 | D:4      | 3510 ||| DROPPING potion of berserk rage.
  3511 | D:4      | 3511 ||| DROPPING scroll of fog.
  3526 | D:5      | Entered Level 5 of the Dungeon
  3816 | D:5      | Reached skill level 7 in Ranged Weapons
  3820 | D:5      | HP: 10/43 [water moccasin (7)]
  3821 | D:5      | 3821 ||| READING 3 scrolls of teleportation.
  3822 | D:5      | 3822 ||| DRINKING 3 potions of heal wounds.
  3858 | D:5      | Reached XP level 8. HP: 29/48 MP: 9/9
  3888 | D:5      | 3888 ||| FLEEEEING.
  4097 | D:5      | Slain by an ogre

Levels and vault maps discovered:
D:1:      matt_arrival_los_fun, layout_loops_cross
D:2:      layout_loops_corners, minmay_circled_x, uniq_sigmund
D:3:      layout_loops_ring, shapermc_ecumenical_altar_notcrosses,
          biasface_ghost_orc_armoury, uniq_crazy_yiuf_cottage
D:4:      layout_cave_pods, gup_sewer_entry_spiral, chequers_big_river
D:5:      layout_basic

Skill      XL: |  1  2  3  4  5  6  7 |
---------------+----------------------+-----
Ranged Weapons | 3 5 6 7 |  7.6
Fighting       | 2 4 |  4.0
Armour         | 1 2 |  2.9
Dodging        | |  1.5
Spellcasting   | |  1.0
Hexes          | |  2.6

Action                     |  1- 3 |  4- 6 |  7- 9 || total
---------------------------+-------+-------+-------++-------
   Fire: Sling             |   104 |   267 |   131 ||   502
    Use: Scroll            |     1 |     6 |     2 ||     9
         Potion            |       |     2 |     2 ||     4
 Armour: Robe              |    10 |     7 |       ||    17
         Ring mail         |       |    93 |    57 ||   150
  Dodge: Dodged            |    39 |   116 |    98 ||   253

Table legend:
 A = Non-vault XP
 B = Vault XP
 C = Vault XP percentage of total XP
 D = Non-vault monster count
 E = Vault monster count
 F = Vault count percentage of total count
                 A         B        C        D         E       F
            +---------+---------+-------+---------+---------+-------
      Total |     960 |     266 |  21.7 |      87 |      13 |  13.0
            +---------+---------+-------+---------+---------+-------
        D:1 |      29 |       0 |   0.0 |      17 |       0 |   0.0
        D:2 |      74 |     240 |  76.4 |      22 |       5 |  18.5
        D:3 |     156 |       0 |   0.0 |      23 |       0 |   0.0
        D:4 |     122 |      26 |  17.6 |      19 |       8 |  29.6
        D:5 |     579 |       0 |   0.0 |       6 |       0 |   0.0
            +---------+---------+-------+---------+---------+-------
